 Dungeon Sprint DCSS version 0.28.0-43-g3370ac3207 (webtiles) character file.

Game seed: 15011451136923517018

2647 boopmooplesden the Fighter (level 9, 0/96 HPs)
             Began as a Minotaur Berserker on Mar 13, 2022.
             Was a High Priest of Trog.
             Slain by a redback (14 damage)
             ... in the Dungeon (Sprint III: "The Ten Rune Challenge").
             The game lasted 00:03:09 (1203 turns).

boopmooplesden the Fighter (Minotaur Berserker)     Turns: 1203, Time: 00:03:10

Health: 0/96       AC:  5    Str: 26    XL:     9   Next: 36%
Magic:  7/7        EV: 14    Int:  4    God:    Trog [*****.]
Gold:   19         SH:  0    Dex: 10    Spells: 8/8 levels left

rFire   + . .      SeeInvis .   j - +3 quarterstaff (chaos)
rCold   + . .      Faith    .   (shield currently unavailable)
rNeg    . . .      Spirit   .   i - +2 robe {rC+}
rPois   .          Reflect  .   (helmet restricted)
rElec   .          Harm     .   k - +0 cloak
rCorr   .          Rampage  .   (no gloves)
Will    .....      NoTele   +   (no boots)
Stlth   +.........              (no amulet)
HPRegen 0.26/turn               (no ring)
MPRegen 0.10/turn               (no ring)

@: on berserk cooldown, slowed, very slow
A: horns 2, retaliatory headbutt, fire resistance 1, low MP 1, wild magic 1
a: Renounce Religion, Berserk, Trog's Hand, Brothers in Arms


You were in the Dungeon.
You worshipped Trog.
Trog was extremely pleased with you.
You visited 1 branch You collected 19 gold pieces.

Inventory:

Hand Weapons
 a - a +0 hand axe
 j - a +3 quarterstaff of chaos (weapon)
Armour
 b - a +0 animal skin
 i - a +2 robe of cold resistance (worn)
 k - a +0 cloak (worn)
Wands
 r - a wand of paralysis (11)
Scrolls
 h - a scroll of blinking
 m - a scroll of immolation {unknown}
 n - 4 scrolls of identify
 p - a scroll of holy word {unknown}
Potions
 c - a potion of curing
 d - 2 potions of heal wounds
 e - a potion of haste
 f - 3 potions of magic
 g - a potion of berserk rage
 l - 2 potions of mutation
 o - a potion of degeneration {unknown}
 q - 2 potions of flight
 s - a potion of might
Miscellaneous
 t - a piece from Xom's chessboard (15/15)


   Skills:
 + Level 14.6 Fighting
 + Level 14.4 Axes
 + Level 12.7 Staves
 + Level 6.6 Armour
 + Level 7.9 Dodging
 + Level 1.2 Stealth


You had 8 spell levels left.
You didn't know any spells.
Your spell library was empty.

Dungeon Overview and Level Annotations

Branches:
Dungeon (1/1)

Altars:
Cheibriados
Dithmenos
Elyvilon
Fedhas
Gozag
Hepliaklqana
Kikubaaqudgha
Makhleb
Nemelex Xobeh
Okawaru
Qazlal
Ru
Sif Muna
Trog
Uskayaw
Vehumet
Wu Jian
Xom
Yredelemnul
Zin
The Shining One
Beogh
Jiyva
Lugonu


Innate Abilities, Weirdness & Mutations

You have a pair of horns on your head.
You reflexively headbutt those who attack you in melee.
Your flesh is heat resistant. (rF+)
Your magical capacity is low. (-10% MP)
Your spells are a little harder to cast, but a little more powerful.


Message History

Your experience leads to an increase in your attributes!
Increase (S)trength, (I)ntelligence, or (D)exterity?
You feel stronger. x2
You sock the two-headed ogre! You drain the two-headed ogre.
The two-headed ogre is moderately wounded.
You barely miss the two-headed ogre.
The two-headed ogre is moderately wounded.
The two-headed ogre hits you with a +0 giant club!!
* * * LOW HITPOINT WARNING * * *
The two-headed ogre hits you with a +0 giant club!
* * * LOW HITPOINT WARNING * * *
You completely miss the two-headed ogre.
The two-headed ogre is moderately wounded.
You bludgeon the two-headed ogre!! You freeze the two-headed ogre!
The two-headed ogre is almost dead.
The two-headed ogre hits you with a +0 giant club!
* * * LOW HITPOINT WARNING * * *
The two-headed ogre barely misses you.
You closely miss the two-headed ogre.
The two-headed ogre is almost dead.
You barely miss the two-headed ogre.
You headbutt the two-headed ogre, but do no damage.
The two-headed ogre is almost dead.
You sock the two-headed ogre! You burn the two-headed ogre.
You kill the two-headed ogre!
Trog accepts your kill.
A redback comes into view.
Items here: ))) [.
A redback comes into view.
You feel a strong urge to attack something.
The redback fails to trigger a net trap.
You are no longer berserk.
You are exhausted.
You feel yourself slow down.
Items here: ))) [.
You see here a +2 hand axe.
The redback barely misses you.
Items here: ))) [.
The redback bites you!
You die...

__# ÷_# '## ..# ..# #'#
..#+##############
..#....#.#.#.....#
..##.#).#.##.###@# ^
..'##.#.#.##)#.s##.s..
..#..)#..#..##.s'.....^
▓▓▓▓▓▓▓▓▓▓▓▓▓▓▓▓#.....^
^....^ .^... ..... ####


You could see 2 redbacks.

Vanquished Creatures
  Erolcha (D)
  A deep elf pyromancer (D)
  A shadow (D)
  A spatial vortex (D)
  A necrophage (D)
  5 two-headed ogres (D)
  A water elemental (D)
  A jelly (D)
  Crazy Yiuf (D)
  Jessica (D)
  A wizard (D)
  A necromancer (D)
  3 humans (D)
  A kobold demonologist (D)
  2 endoplasms (D)
  A rat (D)
23 creatures vanquished.

Notes
Turn   | Place    | Note
-------+----------+-------------------------------------------
     0 | D        | boopmooplesden the Minotaur Berserker began the quest for
                  | the Orb.
     0 | D        | Reached XP level 1. HP: 19/19 MP: 0/0
    23 | D        | Reached ** piety under Trog
    25 | D        | Noticed Jessica
    30 | D        | Killed Jessica
    31 | D        | Reached skill level 5 in Fighting
    31 | D        | Reached skill level 5 in Axes
    31 | D        | Reached XP level 2. HP: 30/30 MP: 1/1
    31 | D        | Reached XP level 3. HP: 37/37 MP: 2/2
    82 | D        | Noticed Crazy Yiuf
    86 | D        | Killed Crazy Yiuf
    91 | D        | Reached XP level 4. HP: 45/45 MP: 3/3
   119 | D        | Gained mutation: You are clumsy. (Dex -2) [potion of
                  | mutation]
   121 | D        | Lost mutation: You are clumsy. (Dex -2) [potion of
                  | mutation]
   121 | D        | Gained mutation: Your spells are a little harder to cast,
                  | but a little more powerful. [potion of mutation]
   121 | D        | Gained mutation: Your magical capacity is low. (-10% MP)
                  | [potion of mutation]
   121 | D        | Gained mutation: Your flesh is heat resistant. (rF+)
                  | [potion of mutation]
   245 | D        | Noticed a water elemental
   249 | D        | Killed a water elemental
   249 | D        | Reached *** piety under Trog
   383 | D        | Found a radiant altar of Vehumet.
   383 | D        | Found a shimmering blue altar of Sif Muna.
   383 | D        | Found an ancient bone altar of Kikubaaqudgha.
   383 | D        | Noticed a wizard
   389 | D        | Reached XP level 5. HP: 53/53 MP: 3/3
   391 | D        | Reached skill level 1 in Staves
   454 | D        | Found a basalt altar of Yredelemnul.
   454 | D        | Found a shadowy altar of Dithmenos.
   454 | D        | Found a sacrificial altar of Ru.
   454 | D        | Noticed a necrophage
   457 | D        | Reached **** piety under Trog
   459 | D        | Killed a necrophage
   460 | D        | Reached skill level 10 in Axes
   460 | D        | Reached skill level 5 in Armour
   460 | D        | Reached skill level 5 in Dodging
   460 | D        | Reached XP level 6. HP: 48/66 MP: 4/4
   613 | D        | Found a hide-covered altar of Uskayaw.
   613 | D        | Found an iron altar of Okawaru.
   615 | D        | Found a bloodstained altar of Trog.
   615 | D        | Found an ornate altar of the Wu Jian Council.
   615 | D        | Noticed a human
   615 | D        | Noticed a human
   619 | D        | Killed a human
   620 | D        | Reached skill level 10 in Fighting
   622 | D        | Killed a human
   623 | D        | Reached skill level 5 in Staves
   623 | D        | Reached XP level 7. HP: 74/74 MP: 5/5
   650 | D        | Found a glowing silver altar of Zin.
   650 | D        | Found a glowing golden altar of the Shining One.
   650 | D        | Found a white marble altar of Elyvilon.
   650 | D        | Noticed a deep elf pyromancer
   658 | D        | Killed a deep elf pyromancer
   658 | D        | Reached ***** piety under Trog
   682 | D        | Noticed a shadow
   687 | D        | Killed a shadow
   688 | D        | Reached XP level 8. HP: 60/85 MP: 6/6
   803 | D        | Found a blossoming altar of Fedhas.
   803 | D        | Found a stormy altar of Qazlal.
   803 | D        | Found a snail-covered altar of Cheibriados.
   803 | D        | Found a burning altar of Makhleb.
   803 | D        | Found a shimmering altar of Xom.
   804 | D        | Found a hazy altar of Hepliaklqana.
   804 | D        | Found an opulent altar of Gozag.
   804 | D        | Found a sparkling altar of Nemelex Xobeh.
   804 | D        | Found a corrupted altar of Lugonu.
   804 | D        | Found a viscous altar of Jiyva.
  1131 | D        | Noticed a two-headed ogre
  1137 | D        | Killed a two-headed ogre
  1138 | D        | Reached skill level 10 in Staves
  1184 | D        | Noticed a two-headed ogre
  1184 | D        | Noticed Erolcha
  1190 | D        | Killed Erolcha
  1190 | D        | Received a gift from Trog
  1191 | D        | Reached skill level 1 in Stealth
  1191 | D        | Reached XP level 9. HP: 60/96 MP: 7/7
  1197 | D        | Killed a two-headed ogre
  1203 | D        | Slain by a redback

Illustrated notes

Levels and vault maps discovered:
D:        dungeon_sprint_mu [sprint_mu_entry_cave, sprint_mu_temple_rooms,
          sprint_mu_d1_spiders, sprint_mu_d2_genie, sprint_mu_d3_branching,
          sprint_mu_orc_legion, sprint_mu_elf_gauntlet, sprint_mu_hive_nellie,
          sprint_mu_lair_fedhas, sprint_mu_vaults_butterflies,
          sprint_mu_slime_circle, sprint_mu_swamp_cave, sprint_mu_snake_twists,
          sprint_mu_blade_basic, sprint_mu_crypt_lich, sprint_mu_tomb_spiral,
          sprint_mu_vestibule_basic, sprint_mu_gehenna_hellfire,
          sprint_mu_dis_giant, sprint_mu_tartarus_statrot,
          sprint_mu_cocytus_islands, sprint_mu_zot1]

Skill      XL: |  1  2  3  4  5  6  7  8 |
---------------+-------------------------+-----
Fighting       | 5 6 8 9 11 12 14 | 14.6
Axes           | 5 7 8 10 11 13 14 | 14.4
Armour         | 3 4 5 6 |  6.6
Dodging        | 3 4 5 6 7 |  7.9
Staves         | 2 5 7 12 | 12.7
Stealth        | 1 |  1.2

Action                   |  1- 3 |  4- 6 |  7- 9 || total
-------------------------+-------+-------+-------++-------
Melee: Hand axe          |    10 |       |       ||    10
       Headbutt          |     4 |     5 |    12 ||    21
       Quarterstaff      |       |    17 |    42 ||    59
Invok: Berserk           |     2 |     4 |     4 ||    10
  Use: Potion            |       |     2 |       ||     2
Armor: Robe              |       |     3 |     1 ||     4
Dodge: Dodged            |     5 |     5 |    12 ||    22
